 Dungeon Crawl Stone Soup version 0.20-a0-837-g0f21a4d (webtiles) character file.

17227 M4edhros the Zephyrmancer (level 12, -5/102 HPs)
             Began as a Tengu Air Elementalist on Mar 8, 2017.
             Was a High Priest of Qazlal.
             Slain by a vampire mosquito (6 damage)
             ... on level 12 of the Dungeon.
             The game lasted 00:38:45 (14330 turns).

M4edhros the Zephyrmancer (Tengu Air Elementalist) Turns: 14330, Time: 00:38:47

Health: -5/102     AC: 29    Str: 10 (12) XL:     12   Next: 45%
Magic:  17/26      EV:  2    Int: 15 (16) God:    Qazlal [*****.]
Gold:   613        SH:  0    Dex: 13 (16) Spells: 3/29 levels left

rFire    x . .     SeeInvis .   d - +0 short sword (speed)
rCold    + . .     Gourm    .   (armour currently unavailable)
rNeg     + + +     Faith    .   z - +0 buckler
rPois    +         Spirit   .   (helmet currently unavailable)
rElec    .         Reflect  .   (cloak currently unavailable)
rCorr    .         Harm     .   (gloves currently unavailable)
MR       .....     Rnd*Rage +   (boots unavailable) Stlth +.........NoTele +
                                (no amulet)
Regen    0.7/turn               P - ring of ice
MPRegen  0.2/turn               k - ring of flight

@: confused, tree-form, protected from physical damage, repel missiles
A: (beak), (talons 0), berserk 1, regeneration 1, wild magic 2, able to fly 1,
(sturdy frame 0)
a: Fly, Upheaval, Elemental Force, Disaster Area, Renounce Religion


You were on level 12 of the Dungeon.
You worshipped Qazlal.
Qazlal was extremely pleased with you.
You were very hungry.
You were a tree.
You visited 1 branch of the dungeon, and saw 12 of its levels.

You collected 613 gold pieces.

Inventory:

Hand Weapons
 d - a +0 short sword of speed (weapon)
 i - a +2 dagger of electrocution
 R - a +0 blowgun
Missiles
 o - 12 curare-tipped needles
Armour
 e - a +0 cloak (melded)
 u - the +3 ring mail of Tuatz (melded) {rF+}
   (You found it on level 5 of the Dungeon)

   It protects you from fire.
 z - a +0 buckler (worn)
 I - a +0 pair of gloves (melded)
Jewellery
 k - a ring of flight (left branch)
 P - a ring of ice (right branch)
Wands
 m - a wand of lightning (1/15)
 r - a wand of disintegration (0/24)
 C - a wand of enslavement (9/24)
 M - a wand of polymorph (8/24)
Scrolls
 f - a scroll of identify
 g - 3 scrolls of immolation
 s - a scroll of recharging {unknown}
 t - a scroll of fog
 y - 2 scrolls of enchant armour {unknown}
 A - 4 scrolls of remove curse
 B - a scroll of torment {unknown}
 D - 3 scrolls of teleportation
 E - 4 scrolls of amnesia
 F - a scroll of noise {unknown}
 H - a scroll of summoning
 J - a scroll of enchant weapon {unknown}
 L - a scroll of acquirement {unknown}
 N - a scroll of fear {unknown}
 O - 2 scrolls of magic mapping
Potions
 K - 3 potions of cancellation
 T - a potion of flight
 V - a potion of brilliance
Books
 b - a book of Air

   Spells                             Type                      Level
   a - Shock                          Conjuration/Air              1
   b - Swiftness                      Charms/Air                   2
   c - Static Discharge               Conjuration/Air              3
   d - Airstrike                      Air                          4
   e - Lightning Bolt                 Conjuration/Air              5
 l - a book of Misfortune

   Spells                             Type                      Level
   a - Confusing Touch                Hexes                        1
   b - Confuse                        Hexes                        3
   c - Gell's Gravitas                Translocation                3
   d - Petrify                        Transmutation/Earth          4
   e - Metabolic Englaciation         Hexes/Ice                    5
   f - Yara's Violent Unravelling     Hexes/Transmutation          5
 p - a book of Power

   Spells                             Type                      Level
   a - Iskenderun's Battlesphere      Conjuration/Charms           5
   b - Venom Bolt                     Conjuration/Poison           5
   c - Bolt of Magma                  Conjuration/Fire/Earth       5
   d - Iron Shot                      Conjuration/Earth            6
   e - Orb of Destruction             Conjuration                  7
   f - Spellforged Servitor           Conjuration/Summoning        7
 x - a book of Minor Magic

   Spells                             Type                      Level
   a - Magic Dart                     Conjuration                  1
   b - Blink                          Translocation                2
   c - Call Imp                       Summoning                    2
   d - Slow                           Hexes                        2
   e - Conjure Flame                  Conjuration/Fire             3
   f - Mephitic Cloud                 Conjuration/Poison/Air       3
 G - a book of the Earth

   Spells                             Type                      Level
   a - Leda's Liquefaction            Hexes/Earth                  4
   b - Bolt of Magma                  Conjuration/Fire/Earth       5
   c - Statue Form                    Transmutation/Earth          6
   d - Iron Shot                      Conjuration/Earth            6
   e - Shatter                        Earth                        9
Comestibles
 a - 3 royal jellies
 c - 8 bread rations
 h - 6 meat rations
 q - 2 chunks of flesh
 w - 24 fruits


   Skills:
 + Level 5.5 Fighting
 + Level 7.0 Dodging
 - Level 2.0 Stealth
 - Level 6.6 Shields
 + Level 9.3 Spellcasting
 + Level 9.3 Conjurations
 + Level 2.2 Charms
 + Level 13.2 Air Magic
 * Level 5.5 Invocations


You had 3 spell levels left.
You knew the following spells:

 Your Spells              Type           Power        Failure   Level  Hunger
a - Shock                 Conj/Air       ####         1%          1    None
b - Swiftness             Chrm/Air       #####...     3%          2    None
c - Static Discharge      Conj/Air       ######..     2%          3    #......
d - Lightning Bolt        Conj/Air       ######....   8%          5    #####..
e - Mephitic Cloud        Conj/Pois/Air  #####...     4%          3    #......
f - Airstrike             Air            ######....   2%          4    ###....
g - Conjure Flame         Conj/Fire      ####....     12%         3    #......
h - Iskenderun's Battles  Conj/Chrm      #####...     45%         5    #####..


Dungeon Overview and Level Annotations

Branches:
Dungeon (12/15)            Temple (0/1) D:4            Lair (0/6) D:10
    Orc (0/2) D:10

Altars:
Fedhas
Gozag
Kikubaaqudgha
Okawaru
Qazlal
Ru
Uskayaw
Vehumet
The Shining One

Shops:
D:8 !

Annotations:
D:9 malin's ghost, novice TrMo


Innate Abilities, Weirdness & Mutations

((You have a beak for a mouth.))
((You have claws for feet.))
You can fly.
You tend to lose your temper in combat.
Your natural rate of healing is unusually fast.
Your spells are harder to cast, but more powerful.
((Your movements are slightly less encumbered by armour. (ER -2)))


Message History

The vampire mosquito bites you but does no damage.
The slime creature hits you but does no damage.
You hit the slime creature.
The slime creature is almost dead.
The vampire mosquito bites you but does no damage. x3
The slime creature hits you.
* * * LOW HITPOINT WARNING * * *
The vampire mosquito bites you.
* * * LOW HITPOINT WARNING * * *
Okay, then.
Evoke which item? (* to show all) (? for menu, Esc to quit)
Okay, then.
You cannot move. (Use ctrl+direction to attack without moving.)
You barely miss the slime creature.
The slime creature is almost dead.
The vampire mosquito bites you.
* * * LOW HITPOINT WARNING * * *
The vampire mosquito is engulfed in freezing vapours.
The vampire mosquito bites you.
You die...

#..........#
#..........# ####
#..........# #...
#.........)####...
#.........)..##.>.
#..........#).#... #
#.§§.......##.#...
#.#.y........##.'...
#.y♣J........####...
###y.........# ####
#######.#### #.
#...# ##) #J###
###)) ####.##
###.'.. #.....#
#...#.. ####.....#
###.###..
#........###...# #..


You could see a slime creature and 3 vampire mosquitoes.

Vanquished Creatures
  2 hydras
  2 two-headed ogres
  Sonja (D:11)
  An ugly thing (D:11)
  2 manticores
  A troll (D:10)
  5 hippogriffs
  Prince Ribbit (D:6)
  2 dream sheep (D:8)
  3 slime creatures (D:12)
  A wyvern (D:9)
  11 yaks
  A steam dragon (D:11)
  A basilisk (D:12)
  2 hungry ghosts (D:12)
  Menkaure (D:4)
  2 water moccasins
  4 porcupines (D:10)
  8 orc warriors
  A black bear (D:8)
  4 ice beasts
  A necrophage (D:11)
  3 phantoms
  5 sky beasts
  7 ogres
  8 centaurs
  A crocodile (D:8)
  6 big kobolds
  6 bullfrogs
  A wyvern zombie (D:11)
  5 scorpions
  3 howler monkeys (D:10)
  9 wights
  12 electric eels
  8 crimson imps
  3 centaur zombies
  7 hounds
  6 jellies
  7 orc priests
  14 orc wizards
  A centaur skeleton (D:4)
  5 iguanas
  A statue (D:5)
  4 worker ants
  A hound zombie (D:9)
  A hound skeleton (D:5)
  2 worker ant zombies
  10 gnolls
  10 adders
  A worker ant simulacrum (D:11)
  4 oozes
  3 adder skeletons
  3 worms
  2 dart slugs (D:2)
  5 leopard geckos
  37 orcs
  7 bats
  5 giant cockroaches
  6 goblins
  6 hobgoblins
  8 jackals
  21 kobolds
  5 quokkas
  3 frilled lizards
  A leopard gecko skeleton (D:6)
  A quokka skeleton (D:8)
  9 rats
330 creatures vanquished.

Vanquished Creatures (others)
  2 gnolls (D:9)
  A fungus (D:10)
  A plant (D:10)
4 creatures vanquished.

Grand Total: 334 creatures vanquished

Notes
Turn   | Place    | Note
-------+----------+-------------------------------------------
     0 | D:1      | M4edhros the Tengu Air Elementalist began the quest for the Orb.
     0 | D:1      | Reached XP level 1. HP: 10/10 MP: 4/4
   322 | D:1      | Reached XP level 2. HP: 10/15 MP: 0/6
   655 | D:1      | Reached skill level 5 in Air Magic
   824 | D:2      | Reached XP level 3. HP: 19/19 MP: 5/7
   880 | D:2      | Found a stormy altar of Qazlal.
   883 | D:2      | Found a blossoming altar of Fedhas.
   887 | D:2      | Became a worshipper of Qazlal Stormbringer
  1350 | D:2      | Found an iron altar of Okawaru.
  1469 | D:2      | Reached skill level 6 in Air Magic
  1793 | D:3      | Reached XP level 4. HP: 24/24 MP: 8/8
  1852 | D:3      | Reached * piety under Qazlal
  1864 | D:3      | Found a glowing golden altar of the Shining One.
  1991 | D:3      | Found a faded altar of an unknown god.
  2006 | D:3      | Reached skill level 7 in Air Magic
  2147 | D:3      | Found an ancient bone altar of Kikubaaqudgha.
  2173 | D:3      | Gained mutation: You can fly. [Tengu growth]
  2173 | D:3      | Reached XP level 5. HP: 26/28 MP: 3/9
  2232 | D:3      | Found a sacrificial altar of Ru.
  2641 | D:4      | Noticed a phantom
  2651 | D:4      | Reached skill level 8 in Air Magic
  2694 | D:4      | HP: 1/28 [phantom (9)]
  3119 | D:4      | Noticed a phantom
  3136 | D:4      | Killed a phantom
  3136 | D:4      | Reached skill level 9 in Air Magic
  3136 | D:4      | Reached XP level 6. HP: 27/32 MP: 6/10
  3142 | D:4      | Killed a phantom
  3146 | D:4      | Learned a level 2 spell: Swiftness
  3150 | D:4      | Learned a level 3 spell: Static Discharge
  3209 | D:4      | Reached skill level 10 in Air Magic
  3209 | D:4      | Reached XP level 7. HP: 24/36 MP: 1/11
  3726 | D:4      | Reached ** piety under Qazlal
  3793 | D:4      | Noticed Menkaure
  4171 | D:4      | Killed Menkaure
  4173 | D:4      | Found a staircase to the Ecumenical Temple.
  4459 | D:5      | Entered Level 5 of the Dungeon
  4531 | D:5      | Got a twisted ring mail
  4542 | D:5      | Identified the +3 ring mail of Tuatz {rF+} (You found it on level 5 of the Dungeon)
  4548 | D:5      | Learned a level 5 spell: Lightning Bolt
  4584 | D:5      | Reached XP level 8. HP: 38/41 MP: 5/14
  4845 | D:5      | Learned a level 3 spell: Mephitic Cloud
  4865 | D:5      | Gained mutation: Your flesh is heat resistant. (rF+) [mutagenic meat]
  5117 | D:5      | Found a radiant altar of Vehumet.
  5460 | D:6      | Reached skill level 5 in Spellcasting
  5460 | D:6      | Reached skill level 11 in Air Magic
  5663 | D:6      | Reached skill level 5 in Conjurations
  5667 | D:6      | Gained mutation: Your system is resistant to poisons. (rPois) [mutagenic meat]
  5668 | D:6      | Gained mutation: You have a pair of small antennae on your head. [mutagenic meat]
  5669 | D:6      | Gained mutation: Your movements are slightly less encumbered by armour. (ER -2) [mutagenic meat]
  5670 | D:6      | Gained mutation: You tend to lose your temper in combat. [mutagenic meat]
  5743 | D:6      | Noticed Prince Ribbit
  5751 | D:6      | Killed Prince Ribbit
  5751 | D:6      | Reached skill level 1 in Fighting
  5751 | D:6      | Reached XP level 9. HP: 26/47 MP: 1/18
  6218 | D:7      | Found a stormy altar of Qazlal.
  6265 | D:7      | Reached skill level 1 in Shields
  6335 | D:7      | Noticed a two-headed ogre
  6346 | D:7      | Killed a two-headed ogre
  6477 | D:7      | Learned a level 4 spell: Airstrike
  6481 | D:7      | Learned a level 3 spell: Conjure Flame
  7218 | D:7      | Reached *** piety under Qazlal
  7307 | D:7      | Reached XP level 10. HP: 8/54 MP: 1/21
  7823 | D:8      | Found a hide-covered altar of Uskayaw.
  7910 | D:8      | Found Aqiowkan's Distillery.
  8001 | D:8      | Reached skill level 12 in Air Magic
  8562 | D:8      | Reached **** piety under Qazlal
  8565 | D:8      | Reached skill level 5 in Dodging
  8635 | D:8      | Reached skill level 5 in Shields
  8659 | D:8      | Noticed a three-headed hydra
  8880 | D:8      | Killed a three-headed hydra
  9061 | D:9      | Noticed malin's ghost (novice TrMo)
  9350 | D:9      | Reached skill level 1 in Invocations
  9397 | D:9      | Reached XP level 11. HP: 44/60 MP: 3/24
  9420 | D:9      | Noticed a two-headed ogre
  9431 | D:9      | Killed a two-headed ogre
 10379 | D:9      | Gained mutation: Potions are less effective at restoring your health. [mutagenic meat]
 10380 | D:9      | Gained mutation: Your flesh is very heat resistant. (rF++) [mutagenic meat]
 10575 | D:9      | Found an opulent altar of Gozag.
 10678 | D:10     | Entered Level 10 of the Dungeon
 11205 | D:10     | Reached ***** piety under Qazlal
 11239 | D:10     | Found a staircase to the Orcish Mines.
 11953 | D:10     | Found a staircase to the Lair.
 12595 | D:11     | Noticed a red ugly thing
 12609 | D:11     | Noticed an eight-headed hydra
 12754 | D:11     | Killed an eight-headed hydra
 12766 | D:10     | Reached skill level 1 in Charms
 12996 | D:11     | Noticed Sonja
 13198 | D:10     | Learned a level 5 spell: Iskenderun's Battlesphere
 13231 | D:11     | Reached skill level 5 in Fighting
 13231 | D:11     | Reached XP level 12. HP: 61/66 MP: 11/26
 13265 | D:10     | Gained mutation: Your spells are a little harder to cast, but a little more powerful. [mutagenic meat]
 13266 | D:10     | Lost mutation: Your flesh is very heat resistant. (rF++) [mutagenic meat]
 13267 | D:10     | Gained mutation: You are somewhat resistant to further mutation. [mutagenic meat]
 13386 | D:11     | Reached skill level 13 in Air Magic
 13394 | D:11     | Killed Sonja
 13708 | D:11     | Found a hide-covered altar of Uskayaw.
 13981 | D:12     | Reached skill level 5 in Invocations
 14321 | D:12     | HP: 1/66 [vampire mosquito (5)]
 14325 | D:12     | Lost mutation: Your system is resistant to poisons. (rPois) [potion of mutation]
 14325 | D:12     | Lost mutation: You are somewhat resistant to further mutation. [potion of mutation]
 14325 | D:12     | Lost mutation: Your flesh is heat resistant. (rF+) [potion of mutation]
 14325 | D:12     | Lost mutation: Potions are less effective at restoring your health. [potion of mutation]
 14325 | D:12     | Lost mutation: You have a pair of small antennae on your head. [potion of mutation]
 14325 | D:12     | Gained mutation: Your natural rate of healing is unusually fast. [potion of mutation]
 14325 | D:12     | Gained mutation: Your spells are harder to cast, but more powerful. [potion of mutation]
 14329 | D:12     | HP: 1/102 [vampire mosquito (6)]
 14330 | D:12     | Slain by a vampire mosquito

Vault maps used:
D:1:      zaba_arrival_water
D:2:      kb_forest_paths, grunt_temple_overflow_forces_of_nature,
          overflow_temple_1_default, minmay_misc_feat_cross,
          mrwooster_statue_mirror
D:3:      nicolae_overflow_crystal_walls, lemuel_doored_altar,
          nicolae_ru_awakened_eye, chequers_ecumenical_altar_simple
D:4:      temple_statues, first_bread, uniq_menkaure
D:5:      vehumet_statue
D:6:      uniq_prince_ribbit1
D:7:      cheibrodos_two_vegetables, nicolae_overflow_hidden_temple,
          nicolae_qazlal_style_of_elements
D:8:      eat_drink_and_be_merry_uskayaw, serial_shops,
          nicolae_shop_competitors_out_of_business, hangedman_ranch,
          minmay_misc_feat_five, hangedman_decor_peaks_small
D:9:      grunt_gozag_breadcrumbs
D:10:     grunt_lair_entry_orc_guard_hut, kennysheep_boxes
D:11:     kennysheep_big_flooded_room, basic_altar, uniq_sonja
D:12:     kennysheep_small_circle

Skill      XL: |  1  2  3  4  5  6  7  8  9 10 11 12 |
---------------+-------------------------------------+-----
Air Magic      | 5 6 7 9 10 11 12 13 | 13.2
Conjurations   | 3 5 6 7 8 9 |  9.3
Spellcasting   | 3 5 6 8 9 |  9.3
Fighting       | 1 2 3 5 |  5.5
Dodging        | 4 5 6 7 |  7.0
Shields        | 3 5 6 |  6.6
Invocations    | 1 3 5 |  5.5
Charms         | 1 2 |  2.2
Stealth        | |  2.0

Action                   |  1- 3 |  4- 6 |  7- 9 | 10-12 || total
-------------------------+-------+-------+-------+-------++-------
Melee: Unarmed           |    32 |       |       |    10 ||    42
       Kick              |     8 |     8 |    30 |    96 ||   142
       Peck              |     2 |     6 |    16 |    52 ||    76
       Short sword       |    19 |    30 |    96 |   295 ||   440
 Cast: Shock             |    74 |    80 |   143 |   264 ||   561
       Static Discharge  |       |     1 |    33 |   110 ||   144
       Mephitic Cloud    |       |       |     9 |    23 ||    32
       Airstrike         |       |       |    13 |    14 ||    27
       Conjure Flame     |       |       |       |     2 ||     2
       Lightning Bolt    |       |       |       |     6 ||     6
 Abil: Fly               |       |       |     1 |       ||     1
Evoke: Wand              |       |       |     7 |    15 ||    22
  Use: Scroll            |     1 |     2 |     1 |    14 ||    18
       Potion            |       |     1 |     1 |     8 ||    10
 Stab: Sleeping          |     3 |       |       |       ||     3
       Confused          |       |       |     3 |     6 ||     9
  Eat: Chunk             |     3 |     7 |    20 |    30 ||    60
       Royal jelly       |       |       |     2 |     2 ||     4
Armor: Robe              |     8 |     6 |     3 |       ||    17
       Ring mail         |       |       |    34 |   125 ||   159
       Skin              |       |       |       |    14 ||    14
Dodge: Dodged            |    49 |    35 |    54 |   223 ||   361
       Deflected         |       |       |       |    16 ||    16
Block: Other             |       |       |    12 |    74 ||    86
       Buckler           |       |       |       |    64 ||    64
